 Dungeon Sprint DCSS version 0.21.1-1-g345015f (webtiles) character file.

8500000 Fang the Axe Maniac (level 27, -29/273 HPs)
             Began as a Minotaur Gladiator on May 24, 2018.
             Was the Champion of Makhleb.
             Killed from afar by a wretched soul (147 damage)
             ... with a bolt of negative energy
             ... in the Dungeon (Sprint VIII: "Arena of Blood").
             The game lasted 00:01:05 (85 turns).

Fang the Axe Maniac (Minotaur Gladiator)              Turns: 85, Time: 00:01:07

Health: -29/273    AC:  6    Str: 31    XL:     27
Magic:  31/53      EV: 28    Int:  5    God:    Makhleb [******]
Gold:   0          SH:  0    Dex: 13    Spells: 80/80 levels left

rFire    . . .     SeeInvis .   l - +∞ Axe of Woe
rCold    . . .     Gourm    .   (shield currently unavailable)
rNeg     . . .     Faith    .   b - +0 leather armour
rPois    .         Spirit   .   c - +0 hat
rElec    .         Reflect  .   (no cloak)
rCorr    .         Harm     .   (no gloves)
MR       ++...     NoTele   +   (no boots)
Stlth    +++++++++.             (no amulet)
HPRegen  0.55/turn              (no ring)
MPRegen  0.33/turn              (no ring)

@: drained
A: retaliatory headbutt, horns 2
a: Minor Destruction, Lesser Servant of Makhleb, Major Destruction, Greater
Servant of Makhleb, Renounce Religion


You were in the Dungeon.
You worshipped Makhleb.
Makhleb was exalted by your worship.
You were not hungry.

You visited 1 branch

Inventory:

Hand Weapons
 a - a +0 war axe
 l - the +∞ Axe of Woe (weapon)
   (You found it in the Dungeon)
Missiles
 d - 3 throwing nets (quivered)
Armour
 b - a +0 leather armour (worn)
 c - a +0 hat (worn)
Scrolls
 k - a scroll of blinking
Potions
 e - a potion of curing
 h - a potion of haste
 i - 2 potions of magic
 j - a potion of berserk rage
Comestibles
 f - a ration


   Skills:
 O Level 27(25.5) Fighting
 O Level 27(25.5) Axes
 O Level 27(25.5) Throwing
 O Level 27(25.5) Armour
 O Level 27(25.5) Dodging
 O Level 27(25.5) Stealth
 O Level 27(25.5) Unarmed Combat
 O Level 27(25.5) Spellcasting
 O Level 27(25.5) Invocations


You had 80 spell levels left.
You didn't know any spells.

Dungeon Overview and Level Annotations

Branches:
Dungeon (1/1)

Altars:
Makhleb


Innate Abilities, Weirdness & Mutations

You reflexively headbutt those who attack you in melee.
You have a pair of horns on your head.


Message History

You slash the bag of meat!
You dissect the bag of meat like a pig carcass.
You kill the bag of meat!
Makhleb accepts your kill.
You hear a shout! x2
The meat berserker rages.
The eight-headed meat hydra appears out of thin air!
An eight-headed meat hydra comes into view.
You hear a shout! x2
The accursed casts a spell at you. Something smites you!
You hear two shouts!
Unknown command.
You feel much better.
You hear a shout! x3
A bolt of negative energy appears from out of thin air!
Deactivating autopickup; reactivate with Ctrl-A.
The bolt of negative energy hits you!
You feel drained.
Ouch! That really hurt!
You die...

o#..%.%..#.)...# .
......x.#_)<._#
..#.......#))...#..
....#ox....)._......
...........)###......
.......###o)).%..###.
.......o.#)))....#
.......oo#)).....#
#...{.ox))@)..D....
.#.#...MM))........
#..%.......DO.%..
#.#.........M..2.#
#.#..%..#........#.
.................#
......##.#.......
..... ..........


You could see 3 accurseds, a meat beast (wandering), 2 eight-headed meat hydras,
a meat berserker (berserk), 5 bags of meat and 2 crawling corpses.

Vanquished Creatures
  2 hell beasts (D)
  A greater mummy (D)
  3 wraiths (D)
  Harold (D)
  8 vampire knights (D)
  23 ogres (D)
  5 two-headed ogres (D)
  A lich (D)
  A hydra (D)
  51 orcs (D)
  A phantom (D)
  A skeletal warrior (D)
  5 large abominations (D)
  4 small abominations (D)
  3 crawling corpses (D)
110 creatures vanquished.

Vanquished Creatures (others)
  A crawling corpse (D)
1 creature vanquished.

Grand Total: 111 creatures vanquished

Notes
Turn   | Place    | Note
-------+----------+-------------------------------------------
     0 | D        | Found the +∞ Axe of Woe
     0 | D        | Fang the Minotaur Gladiator began the quest for the Orb.
     0 | D        | Reached XP level 1. HP: 18/18 MP: 0/0
     3 | D        | Noticed a bag of meat
     4 | D        | Became a worshipper of Makhleb the Destroyer
     5 | D        | Noticed a bag of meat
     6 | D        | Noticed a bag of meat
     8 | D        | Noticed a bag of meat
     9 | D        | Noticed a bag of meat
     9 | D        | Noticed a bag of meat
    11 | D        | Killed a bag of meat
    11 | D        | Reached skill level 10 in Throwing
    11 | D        | Reached XP level 2. HP: 41/41 MP: 1/1
    11 | D        | Reached XP level 3. HP: 48/48 MP: 2/2
    11 | D        | Reached XP level 4. HP: 56/56 MP: 3/3
    11 | D        | Reached XP level 5. HP: 62/62 MP: 4/4
    11 | D        | Reached XP level 6. HP: 70/70 MP: 5/5
    11 | D        | Reached XP level 7. HP: 77/77 MP: 6/6
    11 | D        | Reached XP level 8. HP: 83/83 MP: 7/7
    11 | D        | Reached XP level 9. HP: 90/90 MP: 8/8
    11 | D        | Reached XP level 10. HP: 97/97 MP: 9/9
    11 | D        | Reached XP level 11. HP: 104/104 MP: 10/10
    11 | D        | Killed a bag of meat
    11 | D        | Reached * piety under Makhleb
    11 | D        | Reached XP level 12. HP: 116/116 MP: 11/11
    12 | D        | Noticed a bag of meat
    12 | D        | Noticed a bag of meat
    12 | D        | Killed a bag of meat
    12 | D        | Reached skill level 15 in Fighting
    12 | D        | Reached XP level 13. HP: 126/126 MP: 12/12
    12 | D        | Killed a bag of meat
    12 | D        | Reached XP level 14. HP: 137/137 MP: 13/13
    13 | D        | Noticed a bag of meat
    14 | D        | Noticed a bag of meat
    14 | D        | Killed a bag of meat
    14 | D        | Reached ** piety under Makhleb
    14 | D        | Reached skill level 27 in Axes
    14 | D        | Reached skill level 1 in Armour
    15 | D        | Noticed a bag of meat
    15 | D        | Noticed a bag of meat
    16 | D        | Noticed a meat berserker
    16 | D        | Killed a bag of meat
    16 | D        | Reached skill level 27 in Dodging
    16 | D        | Reached XP level 15. HP: 155/155 MP: 14/14
    17 | D        | Reached skill level 5 in Armour
    18 | D        | Noticed a meat berserker
    18 | D        | Noticed a meat berserker
    18 | D        | Killed a meat berserker
    18 | D        | Reached *** piety under Makhleb
    18 | D        | Reached XP level 16. HP: 181/181 MP: 15/15
    18 | D        | Reached skill level 27 in Fighting
    19 | D        | Noticed a meat berserker
    20 | D        | Noticed a meat berserker
    20 | D        | Reached skill level 10 in Armour
    20 | D        | Reached **** piety under Makhleb
    20 | D        | Reached skill level 27 in Throwing
    20 | D        | Reached XP level 17. HP: 154/191 MP: 16/16
    21 | D        | Noticed a meat berserker
    22 | D        | Noticed a meat berserker
    22 | D        | Noticed a large bag of meat
    23 | D        | Killed a meat berserker
    23 | D        | Reached skill level 27 in Armour
    23 | D        | Killed a meat berserker
    23 | D        | Reached ***** piety under Makhleb
    23 | D        | Reached XP level 18. HP: 200/200 MP: 16/29
    23 | D        | Killed a meat berserker
    23 | D        | Reached skill level 15 in Invocations
    25 | D        | Killed a meat berserker
    25 | D        | Reached XP level 19. HP: 203/207 MP: 16/35
    25 | D        | Killed a large bag of meat
    25 | D        | Reached skill level 15 in Spellcasting
    26 | D        | Noticed a meat berserker
    26 | D        | Reached XP level 20. HP: 216/216 MP: 16/39
    26 | D        | Killed a meat berserker
    26 | D        | Reached ****** piety under Makhleb
    27 | D        | Noticed a large bag of meat
    28 | D        | Noticed a meat berserker
    28 | D        | Killed a meat berserker
    28 | D        | Reached skill level 27 in Unarmed Combat
    28 | D        | Reached XP level 21. HP: 224/224 MP: 16/44
    29 | D        | Reached skill level 27 in Invocations
    30 | D        | Noticed a large bag of meat
    31 | D        | Reached skill level 27 in Stealth
    32 | D        | Noticed a destroyer
    32 | D        | Reached skill level 27 in Spellcasting
    32 | D        | Reached XP level 22. HP: 233/233 MP: 17/52
    33 | D        | Killed a large bag of meat
    35 | D        | Noticed a large bag of meat
    36 | D        | Killed a destroyer
    36 | D        | Reached XP level 23. HP: 240/240 MP: 18/53
    39 | D        | Noticed a large bag of meat
    39 | D        | Noticed The Servant
    40 | D        | Reached XP level 24. HP: 81/249 MP: 19/53
    40 | D        | Killed a large bag of meat
    42 | D        | Noticed a destroyer
    43 | D        | Reached XP level 25. HP: 257/257 MP: 20/53
    45 | D        | Killed a large bag of meat
    45 | D        | Killed a large bag of meat
    46 | D        | Noticed a destroyer
    47 | D        | Noticed a destroyer
    47 | D        | Killed a destroyer
    47 | D        | Reached XP level 26. HP: 266/266 MP: 21/53
    47 | D        | Killed a destroyer
    48 | D        | Noticed a destroyer
    48 | D        | Noticed a destroyer
    49 | D        | Killed The Servant
    49 | D        | Reached XP level 27. HP: 230/273 MP: 21/53
    52 | D        | Killed a destroyer
    52 | D        | Killed a destroyer
    53 | D        | Killed a destroyer
    55 | D        | Noticed a destroyer
    56 | D        | Noticed an accursed
    56 | D        | Noticed an accursed
    58 | D        | Noticed a destroyer
    60 | D        | Killed a destroyer
    62 | D        | Noticed a dread
    62 | D        | Noticed a dread
    65 | D        | Noticed a tyrant
    65 | D        | Killed a destroyer
    66 | D        | Noticed a dread
    68 | D        | Noticed a meat beast
    70 | D        | Killed a dread
    72 | D        | Killed a meat beast
    73 | D        | Noticed a meat beast
    73 | D        | Killed a tyrant
    74 | D        | Killed a dread
    76 | D        | Noticed an accursed
    76 | D        | Killed a meat beast
    77 | D        | Killed a dread
    78 | D        | Noticed an accursed
    84 | D        | Killed an accursed
    85 | D        | Killed from afar by a wretched soul

Skill      XL: |  1  2  3  4  5  6  7  8  9 10 11 12 13 14 15 16 17 18 19 20 21 |
---------------+----------------------------------------------------------------+-----
Fighting       | 12 13 15 16 19 26 27 | 27.0
Axes           | 20 23 25 26 27 | 27.0
Throwing       | 10 11 12 13 16 21 27 | 27.0
Dodging        | 19 21 23 24 27 | 27.0
Armour         | 4 7 16 27 | 27.0
Stealth        | 11 16 20 24 27 | 27.0
Unarmed Combat | 13 19 23 27 | 27.0
Spellcasting   | 8 13 16 20 27 | 27.0
Invocations    | 12 18 22 26 27 | 27.0

Action                   |  1- 3 |  4- 6 |  7- 9 | 10-12 | 13-15 | 16-18 | 19-21 | 22-24 | 25-27 || total
-------------------------+-------+-------+-------+-------+-------+-------+-------+-------+-------++-------
Melee: Executioner's axe |     1 |       |       |     1 |     4 |     4 |     6 |    10 |    31 ||    57
  Use: Potion            |       |       |       |       |       |       |       |       |     1 ||     1
Dodge: Dodged            |       |       |       |       |       |     1 |       |     1 |     1 ||     3
